 Dungeon Crawl Stone Soup version 0.21.1-1-g345015f (webtiles) character file.

195252 JeffiDaFish the Earth Mage (level 18, -14/108 HPs)
             Began as a Gargoyle Earth Elementalist on Feb 7, 2018.
             Was the Champion of Vehumet.
             Demolished by an imperial myrmidon
             ... wielding a cursed -3 scimitar
              (15 damage)
             ... in the Desolation of Salt on Feb 8, 2018.
             The game lasted 03:53:07 (39948 turns).

JeffiDaFish the Earth Mage (GrEE)                  Turns: 39948, Time: 03:53:07

Health: -14/108    AC: 25    Str: 14    XL:     18   Next: 33%
Magic:  8/45       EV: 16    Int: 31    God:    Vehumet [******]
Gold:   3695       SH:  8    Dex: 10    Spells: 7/46 levels left

rFire    . . .     SeeInvis .   p - +2 flail (protect)
rCold    . . .     Gourm    .   E - +3 buckler
rNeg     + . .     Faith    .   D - +2 robe {MR+}
rPois    ∞         Spirit   .   n - +1 helmet {Int+3}
rElec    +         Reflect  .   l - +2 cloak
rCorr    .         Harm     .   r - +0 pair of gloves
MR       ++...                  k - +1 pair of boots
Stlth    ++........             j - amulet of magic regeneration
HPRegen  0.28/turn              t - ring of magical power
MPRegen  0.54/turn              M - +6 ring of intelligence

@: flying
A: big wings, blurry vision 1, negative energy resistance 1, sense surroundings
1, electricity resistance, unbreathing, petrification resistance, rot immunity,
AC +13
}: 1/15 runes: decaying
a: Stop Flying, Renounce Religion


You were in the Desolation of Salt.
You worshipped Vehumet.
Vehumet was exalted by your worship.
You were not hungry.

You visited 7 branches of the dungeon, and saw 31 of its levels.
You also visited: Ice Cave, Volcano and Desolation.

You collected 3695 gold pieces.

Inventory:

Hand Weapons
 g - a +0 morningstar
 p - a +2 flail of protection (weapon)
Missiles
 A - 75 stones (quivered)
Armour
 k - a +1 pair of boots (worn)
 l - a +2 cloak (worn)
 n - a +1 helmet of intelligence (worn)
 r - a +0 pair of gloves (worn)
 D - a +2 robe of magic resistance (worn)
 E - a +3 buckler (worn)
Jewellery
 j - an amulet of magic regeneration (around neck)
 t - a ring of magical power (left hand)
 I - a +5 ring of protection
 M - a +6 ring of intelligence (right hand)
Wands
 y - a wand of iceblast (38)
Scrolls
 c - 12 scrolls of fear
 f - 3 scrolls of fog
 h - 3 scrolls of summoning
 i - a scroll of blinking
 m - a scroll of vulnerability
 q - 6 scrolls of teleportation
 u - 8 scrolls of amnesia
 v - 4 scrolls of identify
 x - 2 scrolls of magic mapping
 C - 17 scrolls of remove curse
Potions
 b - a potion of invisibility
 e - 3 potions of mutation
 s - 4 potions of haste
 z - 9 potions of curing
 B - a potion of heal wounds
 F - 4 potions of might
 G - 4 potions of cancellation
 J - 4 potions of agility
Books
 o - a book of the Warp

   Spells                             Type                      Level
   a - Gell's Gravitas                Translocation                3
   b - Portal Projectile              Hexes/Translocation          3
   c - Force Lance                    Conjuration/Translocation    4
   d - Dispersal                      Translocation                6
   e - Controlled Blink               Translocation                8
   f - Disjunction                    Translocation                8
 H - a book of Ice

   Spells                             Type                      Level
   a - Ice Form                       Ice/Transmutation            4
   b - Metabolic Englaciation         Hexes/Ice                    5
   c - Ozocubu's Refrigeration        Ice                          6
   d - Bolt of Cold                   Conjuration/Ice              6
   e - Freezing Cloud                 Conjuration/Ice/Air          6
   f - Simulacrum                     Ice/Necromancy               6
Comestibles
 d - 34 rations


   Skills:
 - Level 10.2 Fighting
 - Level 5.9 Maces & Flails
 - Level 10.1 Dodging
 - Level 2.4 Stealth
 - Level 5.0 Shields
 * Level 14.9 Spellcasting
 + Level 14.2 Conjurations
 - Level 5.2 Translocations
   Level 0.7 Transmutations
 + Level 9.5 Fire Magic
 - Level 5.9 Ice Magic
 - Level 5.5 Air Magic
 + Level 15.0 Earth Magic
 - Level 3.0 Poison Magic


You had 7 spell levels left.
You knew the following spells:

 Your Spells              Type           Power        Failure   Level  Hunger
a - Sandblast             Erth           ######       0%          1    None
b - Stone Arrow           Conj/Erth      ######       0%          3    None
c - Lee's Rapid Deconstr  Erth           #######...   1%          5    None
d - Blink                 Tloc           N/A          1%          2    None
e - Mephitic Cloud        Conj/Pois/Air  ######..     1%          3    None
f - Freezing Cloud        Conj/Ice/Air   ######....   2%          6    ###....
g - Bolt of Magma         Conj/Fire/Erth #######...   1%          5    None
h - Iron Shot             Conj/Erth      #######...   1%          6    ###....
i - Ignition              Fire           ######....   52%         8    ######.


Dungeon Overview and Level Annotations

Branches:
Dungeon (15/15)            Temple (0/1) D:6            Lair (6/6) D:8
  Swamp (4/4) Lair:4       Spider (1/4) Lair:2        Slime (1/5) Lair:6
    Orc (2/2) D:9             Elf (2/3) Orc:2        Vaults (0/5) D:13
 Depths (0/5) D:15

Altars:
Dithmenos
Elyvilon
Gozag
Kikubaaqudgha
Makhleb
Nemelex Xobeh
Ru
Sif Muna
Trog
Vehumet
Xom
Zin

Shops:
D:6 ?   Orc:2 =%%(}

Annotations:
Lair:3 exclusion: 2 oklob plants
Elf:2 3 runed doors


Innate Abilities, Weirdness & Mutations

You are resistant to torment.
Your stone body is resilient. (AC +13)
You are immune to poison.
Your large and strong wings let you fly indefinitely.
You resist negative energy. (rN+)
You are resistant to electric shocks. (rElec)
You can survive without breathing.
You are immune to petrification.
You are immune to rotting.
Scrolls take you a little longer to read.
You passively map a small area around you.


Message History

The ragged hierophant points at you and mumbles some strange words.
A blast of power from the earth and the saltling strikes you!
* * * LOW HITPOINT WARNING * * *
The saltling hits you but does no damage.
You feel much better. The saltling hits you.
* * * LOW HITPOINT WARNING * * *
The saltling misses you. You block the saltling's attack.
The ragged hierophant casts a spell at you.
A blast of power from the earth and the saltling strikes you!
There is a gate leading back out of this place here.
The saltling hits you but does no damage. x2
The ragged hierophant casts a spell at you.
A blast of power from the earth and the saltlings strikes you!
* * * LOW HITPOINT WARNING * * *
The ragged hierophant gestures at you while chanting.
A blast of power from the earth and the saltlings strikes you!
* * * LOW HITPOINT WARNING * * *
The imperial myrmidon hits you with a scimitar!
You die...

, ......................
§§.....................
,.............8.........
§,......................
,
................#.......
,
...##...................
, ,
........88.p............
.......8888.............
,
.......@p8p.............
.......8p8..8...........
,
.........p..............
,
#.......................
........................
...........#............
..........##...)........
.§......................
,
............)§§....§...


You could see 3 ragged hierophants, a servant of whispers, an imperial myrmidon
and 11 saltlings.

Vanquished Creatures
  Kirke (Lair:5)
  Frances (D:14)
  3 thorn hunters
  2 orc warlords
  An imperial myrmidon (Desolation)
  3 entropy weavers
  19 slime creatures
  A deep elf annihilator (Elf:1)
  Josephine (D:13)
  2 deep elf high priests (Elf:1)
  A ragged hierophant (Desolation)
  The ghost of sasquatchmo the Destroyer, a journeyman DrCj of Vehumet (D:11)
  18 hydras
  7 ghost crabs (Swamp:1)
  2 ogre magi
  4 centaur warriors
  3 catoblepae (Lair:6)
  4 two-headed ogres
  8 dancing weapons
  A spriggan berserker (Swamp:4)
  9 alligators
  6 death yaks (Lair:6)
  A queen ant (Lair:6)
  An orc high priest (Orc:2)
  Sonja (D:15)
  3 deep elf knights
  4 skeletal warriors
  2 unseen horrors
  6 spriggan druids
  8 swamp dragons
  6 deep elf archers
  5 shambling mangroves
  An ironbrand convoker (Desolation)
  3 wizards
  Pikel (D:8)
  4 orc knights
  A necromancer (D:15)
  An orb spider (Spider:1)
  4 manticores
  4 wolf spiders (Spider:1)
  8 ugly things
  9 orc sorcerers
  28 deep elf magi
  A shining eye (Slime:1)
  A cyclops (D:15)
  4 centaur zombies
  2 black mambas
  3 ice statues (IceCv)
  6 elephants
  A molten gargoyle (Desolation)
  A guardian serpent (Desolation)
  18 spiny frogs
  6 apocalypse crabs (Swamp:1)
  A torpor snail (Lair:3)
  2 gargoyles (Volcano)
  3 kobold demonologists
  6 komodo dragons
  4 yaktaurs (D:13)
  A demonic crawler (Spider:1)
  3 efreet
  3 meliai (D:15)
  4 jumping spiders (Spider:1)
  9 trolls
  19 hornets
  A polar bear (Lair:2)
  16 blink frogs
  4 saltlings (Desolation)
  10 hippogriffs
  4 dream sheep (Lair:5)
  14 tyrant leeches
  7 bog bodies
  17 spriggans
  An air elemental (Elf:1)
  4 redbacks (Spider:1)
  4 shadows
  Sigmund (D:2)
  3 water elementals (Elf:2)
  2 wyverns
  Eustachio (D:6)
  47 yaks
  5 wraiths
  2 hogs
  5 basilisks
  A yak (shapeshifter) (Elf:1)
  A fire elemental (Volcano)
  A hungry ghost (D:14)
  A steam dragon (Lair:4)
  27 vampire mosquitoes
  2 wargs
  23 swamp worms
  21 soldier ants
  3 insubstantial wisps (Swamp:1)
  23 swamp drakes
  5 water moccasins
  11 porcupines
  3 black bears
  6 ice beasts (IceCv)
  4 slaves (D:7)
  5 phantoms
  39 orc warriors
  5 sky beasts
  16 ogres
  An eye of draining (D:14)
  11 wolves
  3 boggarts (Lair:3)
  29 centaurs
  5 crocodiles
  4 big kobolds
  23 bullfrogs
  An earth elemental (Elf:1)
  2 scorpions
  16 killer bees (D:9)
  3 electric eels
  8 howler monkeys
  8 wights
  5 crimson imps
  2 bullfrog zombies
  10 jellies
  Crazy Yiuf (D:2)
  3 hounds
  7 centaur skeletons
  24 orc priests
  2 bullfrog skeletons (D:12)
  37 orc wizards
  2 iguanas
  22 worker ants
  The ghost of sanboga the Chopper, a weakling MiBe of Trog (D:3)
  2 worker ant zombies
  6 gnolls
  15 adders
  A howler monkey skeleton (D:6)
  4 shadow imps
  4 oozes
  An adder skeleton (D:7)
  4 worms
  2 dart slugs
  9 leopard geckos
  102 orcs
  16 bats
  3 giant cockroaches
  7 goblins
  6 hobgoblins
  14 jackals
  2 quokkas (D:4)
  2 ball pythons
  5 frilled lizards
  13 kobolds
  5 rats
  A fire vortex (Swamp:1)
  A fungus (Lair:6)
  A plant (D:8)
1098 creatures vanquished.

Vanquished Creatures (others)
  A deep elf mage (Elf:1)
  A jumping spider (Spider:1)
  2 wolves (Lair:6)
  A crocodile (Lair:6)
  A wight (D:15)
  2 worker ants (Lair:6)
  An orc (Orc:1)
  A bush (Lair:3)
  15 fungi
  32 plants
  A toadstool (Swamp:2)
58 creatures vanquished.

Grand Total: 1156 creatures vanquished

Notes
Turn   | Place    | Note
-------+----------+-------------------------------------------
     0 | D:1      | JeffiDaFish the Gargoyle Earth Elementalist began the quest for the Orb.
     0 | D:1      | Reached XP level 1. HP: 10/10 MP: 3/3
   316 | D:1      | Reached skill level 4 in Earth Magic
   319 | D:1      | Reached XP level 2. HP: 11/15 MP: 0/5
   906 | D:1      | Reached XP level 3. HP: 18/19 MP: 2/6
  1004 | D:1      | Learned a level 3 spell: Stone Arrow
  1663 | D:2      | Reached skill level 1 in Maces & Flails
  1748 | D:2      | Reached XP level 4. HP: 23/24 MP: 7/7
  1793 | D:2      | Found a runed door.
  1797 | D:2      | Noticed Crazy Yiuf
  1803 | D:2      | Killed Crazy Yiuf
  2131 | D:2      | Noticed Sigmund
  2140 | D:2      | Killed Sigmund
  2140 | D:2      | Reached skill level 5 in Earth Magic
  2140 | D:2      | Reached XP level 5. HP: 19/28 MP: 2/10
  2140 | D:2      | Reached XP level 6. HP: 23/33 MP: 2/11
  2177 | D:2      | Found a sacrificial altar of Ru.
  2467 | D:2      | Found a white marble altar of Elyvilon.
  2527 | D:3      | Noticed sanboga's ghost (weakling MiBe)
  2612 | D:3      | Reached skill level 6 in Earth Magic
  2619 | D:3      | Killed sanboga's ghost
  2753 | D:3      | Found an ancient bone altar of Kikubaaqudgha.
  2831 | D:3      | Learned a level 5 spell: Lee's Rapid Deconstruction
  2834 | D:3      | Learned a level 2 spell: Blink
  3197 | D:3      | Found an opulent altar of Gozag.
  3545 | D:4      | Found a shadowy altar of Dithmenos.
  3756 | D:4      | Reached XP level 7. HP: 37/37 MP: 11/13
  4055 | D:4      | Found a radiant altar of Vehumet.
  4058 | D:4      | Became a worshipper of Vehumet
  4222 | D:5      | Entered Level 5 of the Dungeon
  4233 | D:5      | Reached skill level 1 in Conjurations
  4272 | D:5      | Reached skill level 5 in Spellcasting
  4272 | D:5      | Reached skill level 1 in Translocations
  4272 | D:5      | Reached skill level 7 in Earth Magic
  4330 | D:5      | Learned a level 3 spell: Mephitic Cloud
  4423 | D:5      | Reached XP level 8. HP: 40/42 MP: 7/15
  4965 | D:5      | Found a sparkling altar of Nemelex Xobeh.
  5086 | D:5      | Found a burning altar of Makhleb.
  5240 | D:6      | Noticed Eustachio
  5243 | D:6      | Reached skill level 8 in Earth Magic
  5290 | D:6      | Killed Eustachio
  5367 | D:6      | Found a staircase to the Ecumenical Temple.
  5393 | D:6      | Found Motiut's Magic Scroll Shop.
  5598 | D:6      | Found a shimmering altar of Xom.
  5736 | D:6      | Found a bloodstained altar of Trog.
  5783 | D:6      | Reached * piety under Vehumet
  5783 | D:6      | Offered knowledge of Sting by Vehumet.
  5835 | D:6      | Reached XP level 9. HP: 43/46 MP: 12/18
  6229 | D:7      | Noticed Pikel
  6249 | D:7      | Reached skill level 9 in Earth Magic
  6479 | D:7      | Reached skill level 1 in Fighting
  6703 | D:7      | Reached skill level 5 in Conjurations
  6713 | D:7      | Reached XP level 10. HP: 43/54 MP: 14/20
  6715 | D:7      | Reached skill level 10 in Earth Magic
  7418 | D:8      | Found a staircase to the Lair.
  7434 | D:8      | Found a deep blue altar of Sif Muna.
  7482 | D:8      | Reached ** piety under Vehumet
  7482 | D:8      | Offered knowledge of Searing Ray by Vehumet.
  7500 | D:8      | Gained mutation: Scrolls take you a little longer to read. [potion of mutation]
  7500 | D:8      | Gained mutation: You passively map a small area around you. [potion of mutation]
  7874 | D:8      | Noticed a two-headed ogre
  7877 | D:8      | Killed a two-headed ogre
  8136 | D:8      | Killed Pikel
  8136 | D:8      | Reached skill level 5 in Dodging
  8625 | Lair:1   | Entered Level 1 of the Lair of Beasts
  8681 | Lair:1   | Reached XP level 11. HP: 53/62 MP: 16/23
  9035 | Lair:1   | Reached skill level 5 in Fighting
 10214 | Lair:1   | Reached skill level 1 in Poison Magic
 10336 | Lair:2   | Noticed a seven-headed hydra
 10342 | Lair:2   | Killed a seven-headed hydra
 10428 | Lair:2   | Offered knowledge of Static Discharge by Vehumet.
 10806 | Lair:2   | Reached skill level 1 in Shields
 11172 | Lair:2   | Found a hole to the Spider Nest.
 11310 | Lair:3   | Noticed an oklob plant
 11314 | Lair:3   | Noticed an oklob plant
 11382 | Lair:3   | Reached *** piety under Vehumet
 11398 | Lair:3   | Noticed a spriggan rider
 11403 | Lair:3   | Killed a spriggan rider
 11403 | Lair:3   | Reached XP level 12. HP: 68/68 MP: 8/25
 11456 | Lair:3   | Reached skill level 5 in Shields
 11470 | Lair:3   | Noticed a spriggan rider
 11485 | Lair:3   | Killed a spriggan rider
 11698 | Lair:3   | Reached skill level 11 in Earth Magic
 11706 | Lair:3   | Offered knowledge of Dazzling Spray by Vehumet.
 12256 | Lair:3   | Noticed a spriggan rider
 12817 | Lair:4   | Found a frozen archway.
 12880 | IceCv    | Entered an ice cave
 13007 | IceCv    | Reached **** piety under Vehumet
 13007 | IceCv    | Reached skill level 5 in Maces & Flails
 13228 | IceCv    | Reached skill level 10 in Spellcasting
 13354 | IceCv    | Got an ancient halberd
 13368 | IceCv    | Learned a level 6 spell: Freezing Cloud
 13510 | Lair:4   | Found a staircase to the Swamp.
 13610 | Lair:4   | Reached skill level 1 in Ice Magic
 13615 | Lair:4   | Offered knowledge of Bolt of Magma by Vehumet.
 13623 | Lair:4   | Learned a level 5 spell: Bolt of Magma
 13801 | Lair:4   | Reached skill level 10 in Conjurations
 14032 | Lair:4   | Reached skill level 1 in Air Magic
 14413 | Lair:5   | Reached XP level 13. HP: 61/73 MP: 14/27
 14797 | Lair:5   | Found a glowing silver altar of Zin.
 15200 | Lair:6   | Entered Level 6 of the Lair of Beasts
 15346 | Lair:6   | Found a dark tunnel.
 15356 | Volcano  | Entered a volcano
 16102 | Lair:6   | Noticed Kirke
 16116 | Lair:6   | Noticed a sphinx
 16934 | Lair:6   | Noticed an entropy weaver
 16938 | Lair:6   | Reached ***** piety under Vehumet
 16938 | Lair:6   | Offered knowledge of Fulminant Prism by Vehumet.
 16939 | Lair:6   | Killed an entropy weaver
 17122 | Lair:6   | Reached skill level 5 in Ice Magic
 17205 | Lair:6   | Noticed an entropy weaver
 17460 | Lair:5   | Killed Kirke
 17520 | Lair:6   | Killed an entropy weaver
 17788 | Lair:6   | Gained mutation: Your large and strong wings let you fly indefinitely. [Gargoyle growth]
 17788 | Lair:6   | Reached XP level 14. HP: 77/82 MP: 16/28
 17892 | Lair:6   | Found a staircase to the Slime Pits.
 18826 | Lair:6   | Reached skill level 1 in Fire Magic
 19527 | D:9      | Found a staircase to the Orcish Mines.
 19553 | D:9      | Offered knowledge of Throw Icicle by Vehumet.
 20285 | D:10     | Entered Level 10 of the Dungeon
 20656 | D:10     | Identified a scroll of acquirement
 21307 | D:11     | Noticed sasquatchmo's ghost (journeyman DrCj)
 21317 | D:11     | Killed sasquatchmo's ghost
 21317 | D:11     | Offered knowledge of Bolt of Fire by Vehumet.
 24088 | D:13     | Reached XP level 15. HP: 87/88 MP: 30/30
 24193 | D:13     | Offered knowledge of Iskenderun's Battlesphere by Vehumet.
 24209 | D:13     | Noticed Josephine
 24218 | D:13     | Killed Josephine
 24840 | D:13     | Found a burning altar of Makhleb.
 24908 | D:13     | Found a gate to the Vaults.
 25002 | D:14     | Found a sacrificial altar of Ru.
 25127 | D:14     | Noticed Frances
 25151 | D:14     | Killed Frances
 25151 | D:14     | Reached skill level 5 in Fire Magic
 25301 | D:14     | Reached skill level 12 in Earth Magic
 25871 | D:15     | Entered Level 15 of the Dungeon
 26082 | D:15     | Noticed Sonja
 26096 | D:15     | Killed Sonja
 26635 | D:15     | Reached skill level 5 in Air Magic
 27086 | D:15     | Found a staircase to the Depths.
 27381 | Orc:1    | Entered Level 1 of the Orcish Mines
 27445 | Orc:1    | Noticed an orc warlord
 27472 | Orc:1    | Offered knowledge of Spellforged Servitor by Vehumet.
 27801 | D:9      | Killed an orc warlord
 28008 | Orc:1    | Reached skill level 10 in Dodging
 28667 | Orc:1    | Noticed an orc warlord
 28686 | Orc:1    | Killed an orc warlord
 28686 | Orc:1    | Reached XP level 16. HP: 92/96 MP: 10/32
 29165 | Orc:2    | Entered Level 2 of the Orcish Mines
 29599 | Orc:2    | Paralysed by an orc sorcerer for 4 turns
 29794 | Orc:2    | Found Danoprae's Jewellery Shoppe.
 29805 | Orc:2    | Found a staircase to the Elven Halls.
 30029 | Orc:2    | Found Cohag's Weapon Shop.
 30029 | Orc:2    | Found Afimaidghasa's Gadget Shop.
 30029 | Orc:2    | Found Taaman Xyro's Food Boutique.
 30032 | Orc:2    | Found Neckella's Food Boutique.
 30338 | Swamp:1  | Entered Level 1 of the Swamp
 30377 | Swamp:1  | Offered knowledge of Iron Shot by Vehumet.
 30399 | Swamp:1  | Learned a level 6 spell: Iron Shot
 30951 | Swamp:1  | Reached ****** piety under Vehumet
 31242 | Swamp:1  | Found a runed door.
 32248 | Swamp:2  | Offered knowledge of Poison Arrow by Vehumet.
 32470 | Swamp:2  | Noticed a thorn hunter
 32471 | Swamp:2  | Reached skill level 13 in Earth Magic
 32474 | Swamp:2  | Killed a thorn hunter
 33485 | Swamp:3  | Reached skill level 10 in Fighting
 33580 | Swamp:3  | Reached XP level 17. HP: 75/102 MP: 10/34
 34983 | Swamp:3  | Offered knowledge of Glaciate by Vehumet.
 34983 | Swamp:3  | Offered knowledge of Shatter by Vehumet.
 34983 | Swamp:3  | Offered knowledge of Ignition by Vehumet.
 34993 | Swamp:3  | Learned a level 8 spell: Ignition
 35181 | Swamp:4  | Entered Level 4 of the Swamp
 35584 | Swamp:4  | Reached skill level 5 in Translocations
 35745 | Swamp:4  | Reached skill level 14 in Earth Magic
 36200 | Swamp:4  | Got a decaying rune of Zot
 36847 | Spider:1 | Entered Level 1 of the Spider Nest
 37440 | Slime:1  | Entered Level 1 of the Pits of Slime
 37922 | Elf:1    | Entered Level 1 of the Elven Halls
 38604 | Elf:1    | Found a deep blue altar of Sif Muna.
 38906 | Elf:1    | Reached XP level 18. HP: 88/108 MP: 8/36
 39714 | Elf:2    | Found a runed gate.
 39716 | Elf:2    | Found a runed gate.
 39763 | Elf:2    | Found a runed gate.
 39855 | Elf:2    | Found a ruined gateway.
 39891 | Desolati | Entered the Desolation of Salt
 39922 | Desolati | Reached skill level 15 in Earth Magic
 39948 | Desolati | HP: 1/108 [ragged hierophant/a resonance strike (15)]
 39948 | Desolati | Demolished by an imperial myrmidon

Skill      XL: |  1  2  3  4  5  6  7  8  9 10 11 12 13 14 15 16 17 18 |
---------------+-------------------------------------------------------+-----
Earth Magic    | 4 5 6 7 8 9 10 11 12 13 14 15 | 15.0
Dodging        | 2 3 4 5 6 8 9 10 | 10.1
Maces & Flails | 1 3 5 |  5.9
Spellcasting   | 3 4 5 6 7 8 9 10 11 12 13 14 | 14.9
Conjurations   | 1 3 5 7 8 10 11 12 13 14 | 14.2
Translocations | 1 2 3 4 5 |  5.2
Fighting       | 2 4 5 7 8 9 10 | 10.2
Poison Magic   | 1 3 |  3.0
Shields        | 4 5 |  5.0
Ice Magic      | 2 5 |  5.9
Air Magic      | 1 3 4 5 |  5.5
Fire Magic     | 4 6 8 9 |  9.5
Stealth        | |  2.4
Transmutations | |  0.7

Action                   |  1- 3 |  4- 6 |  7- 9 | 10-12 | 13-15 | 16-18 || total
-------------------------+-------+-------+-------+-------+-------+-------++-------
Melee: Whip              |    37 |       |       |       |       |       ||    37
       Mace              |    58 |       |       |       |       |       ||    58
       Short sword       |     7 |    98 |   136 |       |       |       ||   241
       Flail             |       |       |    87 |   253 |   959 |   257 ||  1556
       Unarmed           |       |       |       |       |     6 |       ||     6
 Cast: Sandblast         |    20 |    12 |    69 |    92 |   139 |   142 ||   474
       Stone Arrow       |       |    22 |    42 |   131 |   387 |   396 ||   978
       Lee's Rapid Decon |       |       |     7 |    53 |   134 |    58 ||   252
       Blink             |       |       |     3 |    10 |    19 |    14 ||    46
       Mephitic Cloud    |       |       |       |    20 |    78 |    29 ||   127
       Bolt of Magma     |       |       |       |     6 |    76 |   154 ||   236
       Freezing Cloud    |       |       |       |       |    11 |    18 ||    29
       Iron Shot         |       |       |       |       |       |    77 ||    77
 Abil: Fly               |       |       |       |       |       |     1 ||     1
  Use: Potion            |     3 |     3 |     2 |     6 |     4 |     2 ||    20
       Scroll            |     2 |     5 |     6 |    11 |    16 |    11 ||    51
 Stab: Sleeping          |     3 |     2 |     2 |       |     3 |       ||    10
       Confused          |       |       |       |     1 |    13 |     3 ||    17
       Distracted        |       |       |       |       |     1 |       ||     1
  Eat: Chunk             |     3 |     8 |    14 |    30 |    59 |    26 ||   140
       Ration            |       |       |       |     2 |     6 |     7 ||    15
Armor: Robe              |    68 |    58 |   171 |   106 |   504 |   310 ||  1217
       Skin              |       |       |       |    35 |       |       ||    35
       Leather armour    |       |       |       |     4 |       |       ||     4
       Troll leather arm |       |       |       |    56 |       |       ||    56
Dodge: Dodged            |   124 |   104 |   244 |   233 |   792 |   410 ||  1907
Block: Buckler           |       |       |       |    43 |   397 |   247 ||   687
